 Dungeon Crawl Stone Soup version 0.17-a0-1468-gbf503c2 (webtiles) character file.

3523 Sirial the Quickloader (level 9, -9/81 HPs)
             Began as a Black Draconian Wanderer on July 1, 2015.
             Was an Initiate of Ru.
             Mangled by a centaur (10 damage)
             ... on level 8 of the Dungeon.
             The game lasted 00:37:40 (7063 turns).

Sirial the Quickloader (Black Draconian Wanderer)   Turns: 7063, Time: 00:37:40

Health: -9/81      AC: 10    Str: 21    XL:     9   Next: 81%
Magic:  14/14      EV: 14    Int: 13    God:    Ru [......]
Gold:   320        SH:  0    Dex: 11    Spells: 0 memorised, 15 levels left

rFire  + . .     SeeInvis .     b - +4 quarterstaff (chaos)
rCold  . . .     Clarity  .     (armour unavailable)
rNeg   . . .     SustAt   .     (no shield)
rPois  +         Gourm    .     (helmet restricted)
rElec  +         Spirit   .     h - +2 cloak
rCorr  .         Warding  .     (no gloves)
rMut   .         Stasis   .     (no boots)
MR     .....                    (no amulet)
Stlth  ++........               (no ring)
                                o - ring "Piyfolum" {rF+ Str+6}

@: very slightly contaminated, not resistant to hostile enchantments, unstealthy
A: breathe lightning, unfitting armour, blink 2, clumsy 1, poison resistance,
electricity resistance, cold-blooded, AC +7
a: Breathe Lightning, Blink, Renounce Religion


You were on level 8 of the Dungeon.
You worshipped Ru.
Ru was noncommittal.
You were not hungry.

You visited 2 branches of the dungeon, and saw 9 of its levels.

You collected 320 gold pieces.

Inventory:

Hand weapons
 a - a +4 hand crossbow
 b - a +4 quarterstaff of chaos (weapon)
 e - a +0 shortbow
 g - a +0 scythe
 q - a +0 arbalest
 z - a -2 hammer of protection
Missiles
 j - 17 poisoned arrows
 y - a bolt of flame
 B - 83 arrows
Armour
 h - a +2 cloak (worn)
 m - a +1 pearl dragon armour
Magical staves
 u - an uncursed staff of cold
Jewellery
 o - the ring "Piyfolum" (left hand) {rF+ Str+6}
   (You found it on level 4 of the Dungeon)

   [ring of protection from fire]

   It affects your strength (+6).
   It protects you from fire.
 p - an uncursed amulet of regeneration {unknown}
Magical devices
 i - a wand of magic darts (16)
 s - a wand of disintegration (4)
 v - a wand of random effects (23)
Scrolls
 c - a scroll of blinking
 d - 2 scrolls of teleportation
 l - 2 scrolls of recharging
 n - a scroll of fog
 r - a scroll of fear
 t - a scroll of enchant armour
 x - a scroll of amnesia
 C - a scroll of remove curse
Miscellaneous
 k - a plain deck of escape {Swap}
Comestibles
 f - 3 bread rations


   Skills:
 + Level 8.1 Fighting
 + Level 1.5 Staves
 + Level 0.1 Bows
 + Level 9.4 Crossbows
 + Level 3.7 Throwing
 + Level 5.5 Dodging
 + Level 4.8 Stealth
 + Level 3.5 Spellcasting
   Level 4.3 Invocations
 + Level 1.0 Evocations


You had 15 spell levels left.
You didn't know any spells.

Dungeon Overview and Level Annotations

Branches:
Dungeon (8/15)             Temple (1/1) D:7            Lair (0/8) D:8

Altars:
Ashenzari
Dithmenos
Elyvilon
Fedhas
Gozag
Kikubaaqudgha
Makhleb
Nemelex Xobeh
Okawaru
Qazlal
Ru
Sif Muna
Trog
Xom
Yredelemnul
Zin
The Shining One


Innate Abilities, Weirdness & Mutations

You can breathe wild blasts of lightning.
Your glossy black scales are hard (AC +7).
Your body does not fit into most forms of armour.
You are resistant to electric shocks.
You are cold-blooded and may be slowed by cold attacks.
You are good at translocating small distances at will.
You are clumsy. (Dex -2)
Your system is resistant to poisons.


Message History

You aren't carrying any potions.
Read which item? (? for menu, Esc to quit)
Blink to where?
Press: ? - help, Dir - move target cursor You are very lightly contaminated with residual magic.
As you read the scroll of blinking, it crumbles to dust.
Read which item? (? for menu, Esc to quit)
As you read the scroll of fog, it crumbles to dust.
The scroll dissolves into smoke.
You hear a shout!
You hear a shout!
The centaur rages.
The centaur hits you.
* * * LOW HITPOINT WARNING * * *
You sock the centaur! You freeze the centaur.
The centaur is severely wounded.
The centaur hits you.
* * * LOW HITPOINT WARNING * * *
The centaur misses you. The centaur hits you!
You die...

#................
##................
#.....hc.........#
##.....c..........#
#§§§§............#
#§§§§...........##
#§h###.###...(###
#§c# #.# #....#
#§@###'###....#
##§§§'_'.†....#
#§#######....# #†#
### #....##
#.#######.....#
###.............#
##...............##
#.................###
#....................


You could see a centaur (berserk) and a hound.

Vanquished Creatures
  The ghost of Nico3ck the Carver, an experienced DsFi of Dithmenos (D:6)
  A fire drake (D:8)
  Sigmund (D:3)
  A hippogriff (D:8)
  An ice beast (D:7)
  4 ogres
  2 sky beasts
  2 orc warriors (D:8)
  3 centaurs
  2 giant frogs (D:6)
  Blork the orc (D:6)
  A wyvern zombie (D:7)
  7 scorpions
  The ghost of Sirial the Magician, a weakling DrWn of Elyvilon (D:3)
  3 orc wizards
  A giant frog skeleton (D:4)
  Crazy Yiuf (D:2)
  2 orc priests
  Jessica (D:2)
  A centaur skeleton (D:8)
  5 worker ants
  2 iguanas
  A worker ant zombie (D:5)
  4 gnolls (D:6)
  12 adders
  A shadow imp (D:5)
  An ooze (D:4)
  A worm (D:5)
  7 giant geckos
  25 orcs
  2 ball pythons
  4 giant cockroaches
  15 goblins
  21 hobgoblins
  4 quokkas
  15 bats
  A giant gecko zombie (D:5)
  7 giant newts
  4 jackals (D:8)
  10 kobolds
  2 quokka skeletons
  22 rats
203 creatures vanquished.

Vanquished Creatures (others)
  4 fungi (D:7)
  2 plants (D:7)
6 creatures vanquished.

Grand Total: 209 creatures vanquished

Notes
Turn   | Place    | Note
--------------------------------------------------------------
     0 | D:1      | Sirial the Draconian Wanderer began the quest for the Orb.
     0 | D:1      | Sirial set off with: a +2 hand crossbow, 23 bolts, a potion of curing, a scroll of teleportation, a bread ration
     0 | D:1      | Reached XP level 1. HP: 23/23 MP: 1/1
   198 | D:1      | Reached XP level 2. HP: 30/30 MP: 2/2
   288 | D:1      | Found a shattered altar of Ashenzari.
   727 | D:2      | Reached skill level 6 in Fighting
   835 | D:2      | Reached XP level 3. HP: 37/37 MP: 3/3
   918 | D:2      | Noticed Crazy Yiuf
   920 | D:2      | Killed Crazy Yiuf
  1015 | D:2      | Reached XP level 4. HP: 44/44 MP: 4/4
  1037 | D:2      | Found a sparkling altar of Nemelex Xobeh.
  1312 | D:2      | Noticed Jessica
  1316 | D:2      | Killed Jessica
  1670 | D:3      | Noticed Sigmund
  1672 | D:3      | Reached skill level 7 in Fighting
  1672 | D:3      | Reached skill level 5 in Crossbows
  1672 | D:3      | Reached XP level 5. HP: 49/53 MP: 4/10
  1686 | D:3      | Killed Sigmund
  1686 | D:3      | Reached XP level 6. HP: 50/61 MP: 5/11
  1709 | D:3      | Noticed Sirial's ghost (weakling DrWn)
  1712 | D:3      | Killed Sirial's ghost
  2005 | D:3      | Found a faded altar to an unknown god.
  2660 | D:4      | Your scales start taking on a glossy black colour.
  2660 | D:4      | Gained mutation: You are resistant to electric shocks. [Black Draconian growth]
  2660 | D:4      | Reached XP level 7. HP: 67/67 MP: 12/12
  2743 | D:4      | Got a flickering amber ring
  3043 | D:4      | Identified the ring "Piyfolum" {rF+ Str+6} (You found it on level 4 of the Dungeon)
  3679 | D:5      | Entered Level 5 of the Dungeon
  3778 | D:5      | Reached XP level 8. HP: 50/74 MP: 13/13
  4063 | D:5      | Found a deep blue altar of Sif Muna.
  4294 | D:5      | Found a deep blue altar of Sif Muna.
  4840 | D:6      | Reached skill level 8 in Crossbows
  5052 | D:6      | Noticed Nico3ck's ghost (experienced DsFi)
  5070 | D:6      | Killed Nico3ck's ghost
  5087 | D:6      | Reached XP level 9. HP: 68/81 MP: 14/14
  5110 | D:6      | Noticed Blork the orc
  5124 | D:6      | Killed Blork the orc
  5124 | D:6      | Reached skill level 9 in Crossbows
  5472 | D:7      | Found a white marble altar of Elyvilon.
  5551 | D:7      | Gained mutation: You can translocate small distances at will. [mutagenic meat]
  5552 | D:7      | Gained mutation: Your system is resistant to poisons. [mutagenic meat]
  5553 | D:7      | Gained mutation: You are clumsy. (Dex -2) [mutagenic meat]
  5554 | D:7      | Gained mutation: You are good at translocating small distances at will. [mutagenic meat]
  5601 | D:7      | Found a glowing golden altar of the Shining One.
  5747 | D:7      | Found a staircase to the Ecumenical Temple.
  5760 | Temple   | Entered the Ecumenical Temple
  6078 | Temple   | Became a worshipper of Ru the Awakened
  6195 | D:7      | Found a bloodstained altar of Trog.
  6775 | D:8      | Found a staircase to the Lair.
  6891 | D:8      | Noticed a fire drake
  6899 | D:8      | Reached skill level 1 in Staves
  6899 | D:8      | Reached skill level 5 in Dodging
  6917 | D:8      | Killed a fire drake
  6980 | D:8      | Found a stormy altar of Qazlal.
  7062 | D:8      | HP: 3/81 [centaur (4)]
  7063 | D:8      | HP: 1/81 [centaur (3)]
  7063 | D:8      | Mangled by a centaur

Vault maps used:
D:1:      ncdulo_wetmaze, hangedman_abyss_or_decor_lesser_grid,
          nicolae_ashenzari_panopticon
D:2:      nemelex_deck, nrook_mini_backslash, kennysheep_jessica_study,
          uniq_crazy_yiuf_cottage
D:3:      ecumenical_altar_1, uniq_sigmund
D:4:      serial_corexii_hall, corexii_hall_statues_deadend,
          corexii_hall_statues_x
D:5:      kennysheep_mini_moat, first_bread, led_sif_book
D:6:      uniq_blork_the_orc
D:7:      old_forge, old_standard_altar, nicolae_overflow_hidden_temple,
          nicolae_overflow_crystal_walls, minmay_temple_entry_purple_smoke
D:8:      lemuel_doored_altar, vehumet_crystals, minmay_lair_entry_lava
Temple:   bh_familiar_temple

Action                   |  1- 3 |  4- 6 |  7- 9 || total
-------------------------+-------+-------+-------++-------
Melee: Quarterstaff      |       |       |   138 ||   138
       Scythe            |       |       |    15 ||    15
 Fire: Hand crossbow     |    53 |    85 |   246 ||   384
       Shortbow          |       |       |     6 ||     6
       Arbalest          |       |       |     1 ||     1
 Abil: Breathe Lightning |       |       |     9 ||     9
       Blink             |       |       |     1 ||     1
  Use: Potion            |     6 |     4 |     7 ||    17
       Scroll            |     5 |     7 |    17 ||    29
 Stab: Paralysed         |       |       |     1 ||     1
  Eat: Bread ration      |       |     1 |     1 ||     2
       Meat ration       |       |     1 |     2 ||     3
       Chunk             |       |       |     6 ||     6
